 Dungeon Crawl Stone Soup version 0.28.0 (webtiles) character file.

Game seed: 4555577375793038187

65 chmiii the Chucker (level 3, -4/36 HPs)
             Began as a Troll Hunter on Feb 10, 2022.
             Was a Follower of Elyvilon.
             Slain by a gnoll (8 damage)
             ... on level 2 of the Dungeon.
             The game lasted 00:03:59 (1112 turns).

chmiii the Chucker (Troll Hunter)                   Turns: 1112, Time: 00:04:00

Health: -4/36      AC:  4    Str: 20    XL:     3   Next: 92%
Magic:  0/2        EV: 10    Int:  7    God:    Elyvilon [*.....]
Gold:   69         SH:  0    Dex: 12    Spells: 2/2 levels left

rFire   . . .      SeeInvis +   a - +0 short sword
rCold   . . .      Faith    .   (no shield)
rNeg    . . .      Spirit   +   b - +0 robe
rPois   .          Reflect  .   (helmet restricted)
rElec   .          Harm     .   (no cloak)
rCorr   .          Rampage  .   (gloves unavailable)
Will    .....                   (boots unavailable)
Stlth   +.........              e - amulet of guardian spirit
HPRegen 0.92/turn               j - ring of see invisible
MPRegen 0.08/turn               (no ring)

@: no status effects
A: large, unfitting armour, claws 3, regeneration 1, shaggy fur 1, tough skin 1
a: Renounce Religion, Purification


You were on level 2 of the Dungeon.
You worshipped Elyvilon.
Elyvilon was aware of your devotion.
You visited 1 branch of the dungeon, and saw 2 of its levels.

You collected 69 gold pieces.

Inventory:

Hand Weapons
 a - a +0 short sword (weapon)
 k - a +0 hunting sling
Missiles
 c - 4 large rocks (quivered)
 d - 2 throwing nets
 f - 19 sling bullets
 l - 6 datura-tipped darts
Armour
 b - a +0 robe (worn)
Jewellery
 e - an amulet of guardian spirit (around neck)
 j - a ring of see invisible (left claw)
Scrolls
 g - 2 scrolls of immolation {unknown}
 h - 3 scrolls of holy word {unknown}
 i - 2 scrolls of teleportation {unknown}


   Skills:
 * Level 2.7 Fighting
 + Level 4.0 Throwing
 + Level 2.2 Dodging
 - Level 0.3 Stealth


You had 2 spell levels left.
You didn't know any spells.
Your spell library was empty.

Dungeon Overview and Level Annotations

Branches:
Dungeon (2/15)

Altars:
Elyvilon


Innate Abilities, Weirdness & Mutations

You are too large for most types of armour.
You have claws for hands.
Your natural rate of healing is unusually fast.
You are covered in fur. (AC +1)
You have tough skin. (AC +1)


Message History

You kill the gnoll!
Your Throwing skill increases to level 4!
A goblin comes into view. It is wielding a +0 club.
The gnoll closely misses you.
You barely miss the gnoll.
The goblin shouts!
An adder comes into view.
The gnoll hits you with a +0 flail.
The adder hisses angrily.
A gnoll comes into view. It is wielding a +0 flail.
You barely miss the gnoll. The gnoll hits you but does no damage.
You hit the gnoll.
The gnoll is moderately wounded.
The gnoll hits you with a +0 flail.
You barely miss the gnoll.
The gnoll is moderately wounded.
The gnoll hits you with a +0 flail.
You barely miss the gnoll.
The gnoll is moderately wounded.
The gnoll hits you with a +0 flail!
You barely miss the gnoll.
The gnoll is moderately wounded.
The gnoll misses you.
You barely miss the gnoll.
The gnoll is moderately wounded.
The gnoll closely misses you. The gnoll misses you.
The gnoll barely misses you.
You hit the gnoll.
The gnoll is heavily wounded.
The gnoll hits you with a +0 flail! The gnoll barely misses you.
You barely miss the gnoll. The gnoll hits you with a +0 flail!
* * * LOW HITPOINT WARNING * * *
The gnoll closely misses you.
Unknown command.
You closely miss the gnoll. The gnoll barely misses you.
The gnoll hits you but does no damage.
You hit the gnoll but do no damage. The gnoll hits you with a +0 flail.
* * * LOW HITPOINT WARNING * * *
The gnoll hits you with a +0 flail!
You die...

##### ####.#.# #.#
#......### #..
#.##.#...##### #.#
#.##.#.#.....# #.#
###.##......##.# #.#
#...####†...##.###.#
#...#######.##.....####
#..ggg@g>......†.......
###.S###.##....###.####
#..# # ##.##.###.####
#.......#.#.........#
#..(....#.#.†###.##.#
#.......#.#... ..##.#
#.#.S...g............
#. ##.#.#.#...#......
#. .#g#.#...#.###..


You could see 3 gnolls, an adder and a goblin.

Vanquished Creatures
  2 gnolls
  An adder (D:2)
  A dart slug (D:1)
  A ball python (D:1)
  2 endoplasms (D:1)
  3 giant cockroaches (D:1)
  2 hobgoblins (D:1)
  2 jackals (D:1)
  2 quokkas
  4 bats
  A frilled lizard (D:1)
  5 goblins
  5 kobolds
  A rat (D:1)
32 creatures vanquished.

Notes
Turn   | Place    | Note
-------+----------+-------------------------------------------
     0 | D:1      | chmiii the Troll Hunter began the quest for the Orb.
     0 | D:1      | Reached XP level 1. HP: 19/19 MP: 0/0
    99 | D:1      | Reached XP level 2. HP: 28/28 MP: 1/1
   615 | D:1      | Found a faded altar of an unknown god.
   622 | D:1      | Prayed at the altar of an unknown god.
   622 | D:1      | Became a worshipper of Elyvilon the Healer
   622 | D:1      | Reached * piety under Elyvilon
   746 | D:1      | Reached XP level 3. HP: 24/36 MP: 0/2
  1098 | D:2      | Reached skill level 4 in Throwing
  1112 | D:2      | Slain by a gnoll

Illustrated notes

Levels and vault maps discovered:
D:1:      dpeg_arrival_orchard, layout_basic,
          dilly_ecumenical_altar_fadedgnrine, chequers_decorated_corner,
          minmay_misc_feat_columns
D:2:      layout_basic

Skill      XL: |  1  2  3 |
---------------+----------+-----
Fighting       | 2 |  2.7
Dodging        | 2 |  2.2
Throwing       | 4 |  4.0
Stealth        | |  0.3

Action                   || total
-------------------------++-------
Melee: Short sword       ||   145
Throw: Large rock        ||     1
Armor: Robe              ||    50
Dodge: Dodged            ||    91
